WCHLSIM.com - West Coast Hockey League
html PUBLIC "-//W3C//DTD XHTML 1.0 Transitional//EN" "http://www.w3.org/TR/xhtml1/DTD/xhtml1-transitional.dtd"> WCHL - Game 21 - ANAHEIM OUTLAWS vs SAN FRANCISCO SPIDERS

ANAHEIM OUTLAWS vs SAN FRANCISCO SPIDERS

Created - 15 octobre 2023 at 21:48

Goals
1 2 3 T
ANAHEIM OUTLAWS 2 0 2 4
SAN FRANCISCO SPIDERS 0 1 0 1
Shots
1 2 3 T
ANAHEIM OUTLAWS 17 9 8 34
SAN FRANCISCO SPIDERS 8 15 9 32

1st period

1. ANAHEIM OUTLAWS , Pius Suter 1 (Noah Hanifin 1, Kent Johnson 1) at 7:41
2. ANAHEIM OUTLAWS , Evgeny Kuznetsov 1 (Kevin Fiala 2) at 10:09

Penalties :
Sean Durzi (SAF) for Hooking (Minor) at 18:27

2nd period

3. SAN FRANCISCO SPIDERS , Jared McCann 1 (Andrei Svechnikov 1, Bo Horvat 2) at 9:23

Penalties :
Michael Rasmussen (ANA) for Hooking (Minor) at 4:18, Carter Verhaeghe (ANA) for Hooking (Minor) at 13:41

3rd period

4. ANAHEIM OUTLAWS , Michael Rasmussen 1 (Morgan Rielly 1, Jacob Trouba 1) at 7:03
5. ANAHEIM OUTLAWS , Jeff Skinner 1 (Henri Jokiharju 1, Kevin Fiala 3) at 7:25

Penalties :
No Penalty

Goalie Stats

Jacob Markstrom (ANA), 31 saves from 32 shots - (0,969), W, 1-2-0, 60:00 minutes
Igor Shesterkin (SAF), 30 saves from 34 shots - (0,882), L, 1-1-0, 60:00 minutes

Players Stats for ANAHEIM OUTLAWS

Player Name              G  A  P  +/- PIM S  H  SB GA TA FO     MP     PP MP  PK MP  
------------------------------------------------------------------------------------
Adrian Kempe             0  0  0   0  0   6  2  0  0  0  7/24   17:56   0:00   1:06 
Carter Verhaeghe         0  0  0   0  2   2  1  0  0  0  2/4    16:49   0:00   0:00 
David Gustafsson         0  0  0   1  0   0  0  0  0  0  0/0     5:02   0:00   0:00 
Evgeny Kuznetsov         1  0  1   2  0   2  1  0  0  0  15/26  20:24   0:36   0:00 
Henri Jokiharju          0  1  1   2  0   1  0  0  0  0  0/0    19:35   0:50   1:50 
Ian Mitchell             0  0  0   1  0   0  4  0  0  0  0/0    15:09   0:00   0:00 
Jack Quinn               0  0  0   0  0   1  0  0  0  0  0/0    12:23   0:00   0:00 
Jacob Trouba             0  1  1   0  0   2  3  3  0  0  0/0    22:54   1:09   2:08 
Jeff Skinner             1  0  1   2  0   3  0  0  0  0  0/2    21:15   0:00   1:27 
Kent Johnson             0  1  1   0  0   1  1  0  0  0  0/0    14:19   1:23   0:33 
Kevin Fiala              0  2  2   2  0   2  1  0  0  0  0/1    20:24   0:36   0:00 
Michael Bunting          0  0  0   0  0   3  0  0  0  0  0/0    18:53   0:36   1:27 
Michael Rasmussen        1  0  1   1  2   2  1  0  0  0  6/8     7:36   1:23   1:12 
Morgan Rielly            0  1  1   0  0   3  0  1  0  0  0/0    25:16   1:09   2:08 
Noah Hanifin             0  1  1   2  0   2  1  2  0  0  0/0    21:57   0:50   1:50 
Pierre Engvall           0  0  0   1  0   2  0  0  0  0  0/1     5:02   0:00   0:00 
Pius Suter               1  0  1   0  0   2  1  1  0  0  11/19  15:57   1:23   2:11 
Rasmus Ristolainen       0  0  0   1  0   0  1  0  0  0  0/0    15:09   0:00   0:00 

Players Stats for SAN FRANCISCO SPIDERS

Player Name              G  A  P  +/- PIM S  H  SB GA TA FO     MP     PP MP  PK MP  
------------------------------------------------------------------------------------
Andrei Svechnikov        0  1  1  -1  0   5  2  0  0  0  0/1    20:53   3:31   0:00 
Bo Horvat                0  1  1  -1  0   4  0  0  0  0  12/29  20:25   1:45   1:18 
Brenden Dillon           0  0  0   0  0   0  9  3  0  0  0/0    23:42   2:06   0:56 
Dakota Joshua            0  0  0   0  0   0  1  1  0  0  1/4     6:44   0:47   0:00 
Darnell Nurse            0  0  0   0  0   4  0  0  0  0  0/0    23:42   2:06   0:56 
Eeli Tolvanen            0  0  0  -1  0   0  0  0  0  0  1/1    10:45   0:01   0:00 
Erik Gudbranson          0  0  0  -3  0   1  1  0  0  0  0/0    20:49   1:52   1:03 
Jacob Middleton          0  0  0   0  0   1  2  0  0  0  0/0    16:32   0:00   1:03 
Jared McCann             1  0  1  -1  0   4  0  0  0  0  0/0    19:35   2:13   0:00 
Kirby Dach               0  0  0  -1  0   2  1  0  0  0  7/13   10:44   0:00   0:00 
Kyle Palmieri            0  0  0   0  0   0  0  0  0  0  1/2     5:57   0:00   0:00 
Michael Anderson         0  0  0   0  0   0  1  1  0  0  0/0    15:29   0:00   0:00 
Sean Durzi               0  0  0  -3  2   0  0  2  0  0  0/0    19:45   1:52   0:00 
Sebastian Aho            0  0  0  -1  0   1  1  0  0  0  17/24  22:33   1:52   0:41 
Trent Frederic           0  0  0   0  0   0  0  0  0  0  0/0     5:57   0:00   0:00 
Trevor Moore             0  0  0  -1  0   0  0  0  0  0  1/2    10:44   0:00   0:00 
Viktor Arvidsson         0  0  0  -1  0   5  0  0  0  0  0/2    22:26   1:45   0:41 
Zach Hyman               0  0  0  -1  0   5  3  0  0  0  4/7    21:18   0:00   1:18 

3 Stars

1 - Jacob Markstrom (ANA)
2 - Evgeny Kuznetsov (ANA)
3 - Kevin Fiala (ANA)

Power Play

ANAHEIM OUTLAWS - 0 on 1 Attempt(s) - 0,00%
SAN FRANCISCO SPIDERS - 0 on 2 Attempt(s) - 0,00%

Penalty Kill

ANAHEIM OUTLAWS - 2 on 2 Attempt(s) - 100,00% - Score 0 goal in Penalty Kill
SAN FRANCISCO SPIDERS - 1 on 1 Attempt(s) - 100,00% - Score 0 goal in Penalty Kill

Team Stat

ANAHEIM OUTLAWS - Hits : 17 - Faceoff Wins : 41 - Blocked Shots : 7 - Penalty Minutes : 4
SAN FRANCISCO SPIDERS - Hits : 21 - Faceoff Wins : 44 - Blocked Shots : 7 - Penalty Minutes : 2

Official

Referees : Chris Lee and Jon McIsaac
Linesman : Ryan Galloway and Kyle Larson

Game Notes

No Game Note

Finance

Level 1 -- Attendance: 6105 (100,00%) -- Ticket Income 915 750 $
Level 2 -- Attendance: 4980 (96,14%) -- Ticket Income 498 000 $
Level 3 -- Attendance: 2035 (100,00%) -- Ticket Income 162 800 $
Level 4 -- Attendance: 4180 (100,00%) -- Ticket Income 250 800 $
Luxury Box -- Attendance: 1000 (100,00%) -- Ticket Income 300 000 $
Game was played at the Bay Area Sports Center.
Total Attendance: 18300 (98,92%)
Total Ticket Income: 2 127 350 $
Other Expense: 21 274 $
Total Income: 2 106 076 $

ANAHEIM OUTLAWS

5 vs 5 Forward 
   Center                   Left Wing                Right Wing               Time % Phy DF OF 
 1 Evgeny Kuznetsov         Jeff Skinner             Kevin Fiala              36     1   2  2  
 2 Adrian Kempe             Michael Bunting          Carter Verhaeghe         31     1   2  2  
 3 Pius Suter               Kent Johnson             Jack Quinn               23     1   2  2  
 4 Michael Rasmussen        Pierre Engvall           David Gustafsson         10     1   2  2  

5 vs 5 Defense 
   Defense                  Defense                                           Time % Phy DF OF 
 1 Jacob Trouba             Morgan Rielly                                     36     1   2  2  
 2 Noah Hanifin             Henri Jokiharju                                   31     1   2  2  
 3 Rasmus Ristolainen       Ian Mitchell                                      23     1   2  2  
 4 Noah Hanifin             Morgan Rielly                                     10     1   2  2  

PowerPlay Forward 
   Center                   Left Wing                Right Wing               Time % Phy DF OF 
 1 Pius Suter               Michael Rasmussen        Kent Johnson             55     1   2  2  
 2 Evgeny Kuznetsov         Michael Bunting          Kevin Fiala              45     1   2  2  

PowerPlay Defense
   Defense                  Defense                                           Time % Phy DF OF 
 1 Jacob Trouba             Morgan Rielly                                     55     1   2  2  
 2 Noah Hanifin             Henri Jokiharju                                   45     1   2  2  

Penalty Kill 4 Players Forward 
   Center                   Wing                     Time % Phy DF OF 
 1 Michael Rasmussen        Pius Suter               55     1   2  2  
 2 Jeff Skinner             Michael Bunting          45     1   2  2  

Penalty Kill 4 Players Defense
   Defense                  Defense                  Time % Phy DF OF 
 1 Jacob Trouba             Morgan Rielly            55     1   2  2  
 2 Noah Hanifin             Henri Jokiharju          45     1   2  2  

Penalty Kill - 3 Players Forward 
   Forward                                           Time % Phy DF OF 
 1 Michael Rasmussen                                 55     1   2  2  
 2 Michael Bunting                                   45     1   2  2  

Penalty Kill - 3 Players Defense
   Defense                  Defense                  Time % Phy DF OF 
 1 Rasmus Ristolainen       Morgan Rielly            55     1   2  2  
 2 Noah Hanifin             Henri Jokiharju          45     1   2  2  

4 vs 4 Forward 
   Center                   Wing                     Time % Phy DF OF 
 1 Michael Rasmussen        Pius Suter               55     1   2  2  
 2 Kent Johnson             Michael Bunting          45     1   2  2  

4 vs 4 Defense
   Defense                  Defense                  Time % Phy DF OF 
 1 Jacob Trouba             Morgan Rielly            55     1   2  2  
 2 Noah Hanifin             Henri Jokiharju          45     1   2  2  

Last Minutes Offensive
   Center                   Left Wing                Right Wing               Defense                  Defense                  
   Evgeny Kuznetsov         Kevin Fiala              Jeff Skinner             Jacob Trouba             Morgan Rielly            

Last Minutes Defensive
   Center                   Left Wing                Right Wing               Defense                  Defense                  
   Evgeny Kuznetsov         Kevin Fiala              Jeff Skinner             Jacob Trouba             Morgan Rielly            

Goaltenders
Starting : Jacob Markstrom          
Backup : Mackenzie Blackwood      

Extra Forwards
Normal : Pius Suter, Michael Rasmussen, Kent Johnson - PP : Pius Suter, Michael Rasmussen - PK : Kent Johnson
Extra Defensemen
Normal : Morgan Rielly, Noah Hanifin, Henri Jokiharju - PP : Morgan Rielly - PK : Noah Hanifin, Morgan Rielly
Penalty Shots
Kent Johnson, Michael Rasmussen, Pius Suter, Michael Bunting, Evgeny Kuznetsov
Custom OT Lines Forwards
Evgeny Kuznetsov, Kevin Fiala, Jeff Skinner, Michael Bunting, Adrian Kempe, Carter Verhaeghe, Pius Suter, Michael Rasmussen, Kent Johnson, Jack Quinn
Custom OT Lines Defensemen
Rasmus Ristolainen, Morgan Rielly, Noah Hanifin, Henri Jokiharju, Jacob Trouba

Scratches
Victor Soderstrom (Torso Injury)

SAN FRANCISCO SPIDERS

5 vs 5 Forward 
   Center                   Left Wing                Right Wing               Time % Phy DF OF 
 1 Sebastian Aho            Zach Hyman               Viktor Arvidsson         36     1   2  2  
 2 Bo Horvat                Jared McCann             Andrei Svechnikov        34     1   2  2  
 3 Kirby Dach               Trevor Moore             Eeli Tolvanen            20     1   2  2  
 4 Dakota Joshua            Trent Frederic           Kyle Palmieri            10     1   2  2  

5 vs 5 Defense 
   Defense                  Defense                                           Time % Phy DF OF 
 1 Darnell Nurse            Brenden Dillon                                    36     1   2  2  
 2 Erik Gudbranson          Sean Durzi                                        31     1   2  2  
 3 Michael Anderson         Jacob Middleton                                   23     1   2  2  
 4 Darnell Nurse            Brenden Dillon                                    10     1   2  2  

PowerPlay Forward 
   Center                   Left Wing                Right Wing               Time % Phy DF OF 
 1 Sebastian Aho            Andrei Svechnikov        Jared McCann             55     1   2  2  
 2 Bo Horvat                Andrei Svechnikov        Viktor Arvidsson         45     1   2  2  

PowerPlay Defense
   Defense                  Defense                                           Time % Phy DF OF 
 1 Darnell Nurse            Brenden Dillon                                    55     1   2  2  
 2 Erik Gudbranson          Sean Durzi                                        45     1   2  2  

Penalty Kill 4 Players Forward 
   Center                   Wing                     Time % Phy DF OF 
 1 Zach Hyman               Bo Horvat                55     1   2  2  
 2 Sebastian Aho            Viktor Arvidsson         45     1   2  2  

Penalty Kill 4 Players Defense
   Defense                  Defense                  Time % Phy DF OF 
 1 Darnell Nurse            Brenden Dillon           55     1   2  2  
 2 Erik Gudbranson          Sean Durzi               45     1   2  2  

Penalty Kill - 3 Players Forward 
   Forward                                           Time % Phy DF OF 
 1 Zach Hyman                                        55     1   2  2  
 2 Bo Horvat                                         45     1   2  2  

Penalty Kill - 3 Players Defense
   Defense                  Defense                  Time % Phy DF OF 
 1 Darnell Nurse            Brenden Dillon           55     1   2  2  
 2 Erik Gudbranson          Sean Durzi               45     1   2  2  

4 vs 4 Forward 
   Center                   Wing                     Time % Phy DF OF 
 1 Zach Hyman               Bo Horvat                55     1   2  2  
 2 Sebastian Aho            Viktor Arvidsson         45     1   2  2  

4 vs 4 Defense
   Defense                  Defense                  Time % Phy DF OF 
 1 Darnell Nurse            Brenden Dillon           55     1   2  2  
 2 Erik Gudbranson          Sean Durzi               45     1   2  2  

Last Minutes Offensive
   Center                   Left Wing                Right Wing               Defense                  Defense                  
   Zach Hyman               Sebastian Aho            Viktor Arvidsson         Darnell Nurse            Brenden Dillon           

Last Minutes Defensive
   Center                   Left Wing                Right Wing               Defense                  Defense                  
   Zach Hyman               Sebastian Aho            Viktor Arvidsson         Darnell Nurse            Brenden Dillon           

Goaltenders
Starting : Igor Shesterkin          
Backup : Kevin Lankinen           

Extra Forwards
Normal : Dakota Joshua, Jared McCann, Kirby Dach - PP : Dakota Joshua, Jared McCann - PK : Kirby Dach
Extra Defensemen
Normal : Michael Anderson, Jacob Middleton, Erik Gudbranson - PP : Michael Anderson - PK : Jacob Middleton, Erik Gudbranson
Penalty Shots
Zach Hyman, Bo Horvat, Sebastian Aho, Viktor Arvidsson, Andrei Svechnikov
Custom OT Lines Forwards
Zach Hyman, Bo Horvat, Sebastian Aho, Viktor Arvidsson, Andrei Svechnikov, Jared McCann, Kirby Dach, Kyle Palmieri, Trevor Moore, Eeli Tolvanen
Custom OT Lines Defensemen
Darnell Nurse, Brenden Dillon, Erik Gudbranson, Sean Durzi, Michael Anderson

Scratches
None


% Time on Ice - ANAHEIM OUTLAWS

Lines # - Real PCT - Wanted PCT - Time Play
Normal Forward
1 - 37% - 36% - 19:48
2 - 31% - 31% - 16:50
3 - 23% - 23% - 12:23
4 - 9% - 10% - 5:02
Normal Defense
1 - 35% - 36% - 19:03
2 - 31% - 31% - 16:55
3 - 28% - 23% - 15:09
4 - 5% - 10% - 2:56
PP Forward
1 - 70% - 55% - 1:23
2 - 30% - 45% - 0:36
PP Defense
1 - 58% - 55% - 1:09
2 - 42% - 45% - 0:50
PK Forward
1 - 63% - 55% - 2:31
2 - 37% - 45% - 1:27
PK Defense
1 - 54% - 55% - 2:08
2 - 46% - 45% - 1:50
PK3 Forward
1 - 0% - 55%
2 - 0% - 45%
PK3 Defense
1 - 0% - 55%
2 - 0% - 45%
44 Forward
1 - 0% - 55%
2 - 0% - 45%
44 Defense
1 - 0% - 55%
2 - 0% - 45%
Last Minute Offensive  - 0:00
Last Minute Defensive  - 0:00
Total
Forward - 60:00
Defense - 60:00

% Time on Ice - SAN FRANCISCO SPIDERS

Lines # - Real PCT - Wanted PCT - Time Play
Normal Forward
1 - 37% - 36% - 20:00
2 - 32% - 34% - 17:22
3 - 20% - 20% - 10:44
4 - 11% - 10% - 5:57
Normal Defense
1 - 34% - 36% - 18:11
2 - 33% - 31% - 17:54
3 - 29% - 23% - 15:29
4 - 5% - 10% - 2:29
PP Forward
1 - 56% - 55% - 2:13
2 - 44% - 45% - 1:45
PP Defense
1 - 53% - 55% - 2:06
2 - 47% - 45% - 1:52
PK Forward
1 - 66% - 55% - 1:18
2 - 34% - 45% - 0:41
PK Defense
1 - 47% - 55% - 0:56
2 - 53% - 45% - 1:03
PK3 Forward
1 - 0% - 55%
2 - 0% - 45%
PK3 Defense
1 - 0% - 55%
2 - 0% - 45%
44 Forward
1 - 0% - 55%
2 - 0% - 45%
44 Defense
1 - 0% - 55%
2 - 0% - 45%
Last Minute Offensive  - 0:00
Last Minute Defensive  - 0:00
Total
Forward - 60:00
Defense - 60:00

Play-by-Play

1st period


0:01 of 1st period - Sebastian Aho wins face-off versus Evgeny Kuznetsov in neutral zone.
0:22 of 1st period - Shot by Viktor Arvidsson.
0:22 of 1st period - Stopped by Jacob Markstrom without a rebound.
0:23 of 1st period - Carter Verhaeghe wins face-off versus Bo Horvat in ANAHEIM OUTLAWS zone.
1:01 of 1st period - Shot by Bo Horvat.
1:01 of 1st period - Stopped by Jacob Markstrom with a rebound.
1:27 of 1st period - Shot by Pius Suter.
1:27 of 1st period - Shot Misses the Net.
1:29 of 1st period - Shot by Kent Johnson.
1:29 of 1st period - Shot Misses the Net.
1:31 of 1st period - Shot by Ian Mitchell.
1:31 of 1st period - Shot Hit the Post.
1:43 of 1st period - Shot by Jack Quinn.
1:43 of 1st period - Stopped by Igor Shesterkin without a rebound.
1:44 of 1st period - Evgeny Kuznetsov wins face-off versus Trevor Moore in SAN FRANCISCO SPIDERS zone.
3:11 of 1st period - Shot by Sebastian Aho.
3:11 of 1st period - Stopped by Jacob Markstrom with a rebound.
4:16 of 1st period - Shot by Kyle Palmieri.
4:16 of 1st period - Shot Misses the Net.
5:09 of 1st period - Shot by Adrian Kempe.
5:09 of 1st period - Stopped by Igor Shesterkin without a rebound.
5:10 of 1st period - Trevor Moore wins face-off versus Pius Suter in SAN FRANCISCO SPIDERS zone.
5:48 of 1st period - Off-side.
5:49 of 1st period - Sebastian Aho wins face-off versus Adrian Kempe in neutral zone.
6:36 of 1st period - Icing by Zach Hyman.
6:37 of 1st period - Evgeny Kuznetsov wins face-off versus Sebastian Aho in SAN FRANCISCO SPIDERS zone.
6:37 of 1st period - Jeff Skinner is hit by Brenden Dillon.
6:57 of 1st period - Bo Horvat is hit by Ian Mitchell.
6:59 of 1st period - Shot by Andrei Svechnikov.
6:59 of 1st period - Stopped by Jacob Markstrom with a rebound.
7:41 of 1st period - Shot by Pius Suter.
7:41 of 1st period - Goal by Pius Suter - ANAHEIM OUTLAWS : 1 - SAN FRANCISCO SPIDERS : 0.
7:42 of 1st period - Adrian Kempe wins face-off versus Kirby Dach in neutral zone.
7:52 of 1st period - Icing by Noah Hanifin.
7:53 of 1st period - Sebastian Aho wins face-off versus Adrian Kempe in ANAHEIM OUTLAWS zone.
7:57 of 1st period - Shot by Viktor Arvidsson.
7:57 of 1st period - Deflect By Zach Hyman.
7:57 of 1st period - Shot Misses the Net.
7:59 of 1st period - Shot by Viktor Arvidsson.
7:59 of 1st period - Deflect By Zach Hyman.
7:59 of 1st period - Shot Misses the Net.
8:01 of 1st period - Shot by Jacob Middleton.
8:01 of 1st period - Stopped by Jacob Markstrom without a rebound.
8:02 of 1st period - Sebastian Aho wins face-off versus Pius Suter in ANAHEIM OUTLAWS zone.
8:54 of 1st period - Darnell Nurse is hit by Adrian Kempe and loses puck.
9:01 of 1st period - Morgan Rielly is hit by Sebastian Aho and loses puck.
9:12 of 1st period - Shot by Carter Verhaeghe.
9:12 of 1st period - Deflect By Adrian Kempe.
9:12 of 1st period - Stopped by Igor Shesterkin with a rebound.
9:14 of 1st period - Shot by Carter Verhaeghe.
9:14 of 1st period - Stopped by Igor Shesterkin without a rebound.
9:15 of 1st period - Evgeny Kuznetsov wins face-off versus Bo Horvat in SAN FRANCISCO SPIDERS zone.
9:41 of 1st period - Icing by Evgeny Kuznetsov.
9:42 of 1st period - Evgeny Kuznetsov wins face-off versus Kirby Dach in ANAHEIM OUTLAWS zone.
10:07 of 1st period - Shot by Kevin Fiala.
10:07 of 1st period - Shot Misses the Net.
10:09 of 1st period - Shot by Evgeny Kuznetsov.
10:09 of 1st period - Goal by Evgeny Kuznetsov - ANAHEIM OUTLAWS : 2 - SAN FRANCISCO SPIDERS : 0.
10:10 of 1st period - Adrian Kempe wins face-off versus Bo Horvat in neutral zone.
10:39 of 1st period - Shot by Andrei Svechnikov.
10:39 of 1st period - Shot Blocked by Noah Hanifin.
10:55 of 1st period - Shot by Andrei Svechnikov.
10:55 of 1st period - Stopped by Jacob Markstrom without a rebound.
10:56 of 1st period - Kyle Palmieri wins face-off versus Pius Suter in ANAHEIM OUTLAWS zone.
11:15 of 1st period - Shot by Kyle Palmieri.
11:15 of 1st period - Deflect By Trent Frederic.
11:15 of 1st period - Shot Blocked by Pius Suter.
11:17 of 1st period - Shot by Trent Frederic.
11:17 of 1st period - Shot Misses the Net.
11:19 of 1st period - Shot by Darnell Nurse.
11:19 of 1st period - Shot Misses the Net.
12:14 of 1st period - Shot by Kevin Fiala.
12:14 of 1st period - Stopped by Igor Shesterkin without a rebound.
12:15 of 1st period - Kirby Dach wins face-off versus Adrian Kempe in SAN FRANCISCO SPIDERS zone.
12:35 of 1st period - Icing by Michael Anderson.
12:36 of 1st period - Michael Rasmussen wins face-off versus Kirby Dach in SAN FRANCISCO SPIDERS zone.
12:37 of 1st period - Shot by Pierre Engvall.
12:37 of 1st period - Stopped by Igor Shesterkin without a rebound.
12:38 of 1st period - Evgeny Kuznetsov wins face-off versus Bo Horvat in SAN FRANCISCO SPIDERS zone.
13:12 of 1st period - Bo Horvat is hit by Jacob Trouba and loses puck.
13:57 of 1st period - Shot by Carter Verhaeghe.
13:57 of 1st period - Shot Blocked by Sean Durzi.
14:23 of 1st period - Shot by Zach Hyman.
14:23 of 1st period - Stopped by Jacob Markstrom with a rebound.
15:55 of 1st period - Shot by Jack Quinn.
15:55 of 1st period - Shot Misses the Net.
16:40 of 1st period - Shot by Kevin Fiala.
16:40 of 1st period - Stopped by Igor Shesterkin without a rebound.
16:41 of 1st period - Adrian Kempe wins face-off versus Andrei Svechnikov in SAN FRANCISCO SPIDERS zone.
16:48 of 1st period - Shot by Carter Verhaeghe.
16:48 of 1st period - Deflect By Adrian Kempe.
16:48 of 1st period - Stopped by Igor Shesterkin without a rebound.
16:49 of 1st period - Carter Verhaeghe wins face-off versus Sebastian Aho in SAN FRANCISCO SPIDERS zone.
16:58 of 1st period - Shot by Adrian Kempe.
16:58 of 1st period - Stopped by Igor Shesterkin without a rebound.
16:59 of 1st period - Evgeny Kuznetsov wins face-off versus Bo Horvat in SAN FRANCISCO SPIDERS zone.
17:18 of 1st period - Shot by Andrei Svechnikov.
17:18 of 1st period - Shot Misses the Net.
17:20 of 1st period - Shot by Erik Gudbranson.
17:20 of 1st period - Stopped by Jacob Markstrom without a rebound.
17:21 of 1st period - Pius Suter wins face-off versus Sebastian Aho in ANAHEIM OUTLAWS zone.
17:42 of 1st period - Pius Suter is hit by Zach Hyman and loses puck.
17:58 of 1st period - Shot by Kent Johnson.
17:58 of 1st period - Stopped by Igor Shesterkin without a rebound.
17:59 of 1st period - Bo Horvat wins face-off versus Evgeny Kuznetsov in SAN FRANCISCO SPIDERS zone.
18:27 of 1st period - Minor Penalty to Sean Durzi for Hooking.
18:28 of 1st period - Pius Suter wins face-off versus Zach Hyman in SAN FRANCISCO SPIDERS zone.
18:31 of 1st period - Shot by Morgan Rielly.
18:31 of 1st period - Stopped by Igor Shesterkin with a rebound.
18:33 of 1st period - Shot by Pius Suter.
18:33 of 1st period - Stopped by Igor Shesterkin without a rebound.
18:34 of 1st period - Zach Hyman wins face-off versus Evgeny Kuznetsov in SAN FRANCISCO SPIDERS zone.
18:59 of 1st period - Shot by Morgan Rielly.
18:59 of 1st period - Shot Misses the Net.
19:01 of 1st period - Shot by Morgan Rielly.
19:01 of 1st period - Shot Misses the Net.
19:03 of 1st period - Shot by Jacob Trouba.
19:03 of 1st period - Shot Misses the Net.
19:05 of 1st period - Shot by Jacob Trouba.
19:05 of 1st period - Stopped by Igor Shesterkin without a rebound.
19:06 of 1st period - Pius Suter wins face-off versus Zach Hyman in SAN FRANCISCO SPIDERS zone.
19:11 of 1st period - Shot by Henri Jokiharju.
19:11 of 1st period - Stopped by Igor Shesterkin without a rebound.
19:12 of 1st period - Pius Suter wins face-off versus Zach Hyman in SAN FRANCISCO SPIDERS zone.
19:55 of 1st period - Shot by Michael Rasmussen.
19:55 of 1st period - Stopped by Igor Shesterkin without a rebound.
19:56 of 1st period - Zach Hyman wins face-off versus Evgeny Kuznetsov in SAN FRANCISCO SPIDERS zone.
Goals for this period are 2 for ANAHEIM OUTLAWS vs 0 for SAN FRANCISCO SPIDERS.
Shots for this period are 17 for ANAHEIM OUTLAWS vs 8 for SAN FRANCISCO SPIDERS.

2nd period


0:01 of 2nd period - Zach Hyman wins face-off versus Pius Suter in neutral zone.
0:51 of 2nd period - Shot by Michael Bunting.
0:51 of 2nd period - Stopped by Igor Shesterkin without a rebound.
0:52 of 2nd period - Evgeny Kuznetsov wins face-off versus Sebastian Aho in SAN FRANCISCO SPIDERS zone.
1:04 of 2nd period - Shot by Viktor Arvidsson.
1:04 of 2nd period - Stopped by Jacob Markstrom with a rebound.
2:27 of 2nd period - Shot by Jared McCann.
2:27 of 2nd period - Stopped by Jacob Markstrom without a rebound.
2:28 of 2nd period - Kirby Dach wins face-off versus Adrian Kempe in ANAHEIM OUTLAWS zone.
3:01 of 2nd period - Shot by Adrian Kempe.
3:01 of 2nd period - Stopped by Igor Shesterkin without a rebound.
3:02 of 2nd period - Sebastian Aho wins face-off versus Pius Suter in SAN FRANCISCO SPIDERS zone.
4:09 of 2nd period - Shot by Adrian Kempe.
4:09 of 2nd period - Shot Misses the Net.
4:15 of 2nd period - Shot by Carter Verhaeghe.
4:15 of 2nd period - Stopped by Igor Shesterkin without a rebound.
4:16 of 2nd period - Michael Rasmussen wins face-off versus Bo Horvat in SAN FRANCISCO SPIDERS zone.
4:18 of 2nd period - Minor Penalty to Michael Rasmussen for Hooking.
4:19 of 2nd period - Adrian Kempe wins face-off versus Sebastian Aho in ANAHEIM OUTLAWS zone.
4:19 of 2nd period - Adrian Kempe is hit by Andrei Svechnikov.
5:23 of 2nd period - Shot by Viktor Arvidsson.
5:23 of 2nd period - Shot Misses the Net.
5:25 of 2nd period - Shot by Bo Horvat.
5:25 of 2nd period - Shot Blocked by Jacob Trouba.
5:29 of 2nd period - Shot by Bo Horvat.
5:29 of 2nd period - Stopped by Jacob Markstrom without a rebound.
5:30 of 2nd period - Bo Horvat wins face-off versus Adrian Kempe in ANAHEIM OUTLAWS zone.
6:21 of 2nd period - Michael Rasmussen is hit by Kirby Dach and loses puck.
6:26 of 2nd period - Jacob Middleton is hit by Michael Rasmussen and loses puck.
6:32 of 2nd period - Icing by Jacob Middleton.
6:33 of 2nd period - Kirby Dach wins face-off versus Evgeny Kuznetsov in SAN FRANCISCO SPIDERS zone.
6:46 of 2nd period - Shot by Jeff Skinner.
6:46 of 2nd period - Stopped by Igor Shesterkin without a rebound.
6:47 of 2nd period - Dakota Joshua wins face-off versus Adrian Kempe in SAN FRANCISCO SPIDERS zone.
6:47 of 2nd period - Dakota Joshua is hit by Adrian Kempe.
7:08 of 2nd period - Icing by Darnell Nurse.
7:09 of 2nd period - Evgeny Kuznetsov wins face-off versus Kyle Palmieri in SAN FRANCISCO SPIDERS zone.
7:20 of 2nd period - Shot by Evgeny Kuznetsov.
7:20 of 2nd period - Stopped by Igor Shesterkin without a rebound.
7:21 of 2nd period - Sebastian Aho wins face-off versus Carter Verhaeghe in SAN FRANCISCO SPIDERS zone.
7:37 of 2nd period - Icing by Jacob Middleton.
7:38 of 2nd period - Sebastian Aho wins face-off versus Jeff Skinner in SAN FRANCISCO SPIDERS zone.
8:18 of 2nd period - Icing by Jeff Skinner.
8:19 of 2nd period - Evgeny Kuznetsov wins face-off versus Bo Horvat in ANAHEIM OUTLAWS zone.
8:24 of 2nd period - Off-side.
8:25 of 2nd period - Bo Horvat wins face-off versus Adrian Kempe in neutral zone.
8:32 of 2nd period - Shot by Andrei Svechnikov.
8:32 of 2nd period - Shot Misses the Net.
8:35 of 2nd period - Icing by Henri Jokiharju.
8:36 of 2nd period - Adrian Kempe wins face-off versus Bo Horvat in ANAHEIM OUTLAWS zone.
8:41 of 2nd period - Shot by Carter Verhaeghe.
8:41 of 2nd period - Shot Blocked by Brenden Dillon.
8:43 of 2nd period - Shot by Noah Hanifin.
8:43 of 2nd period - Stopped by Igor Shesterkin without a rebound.
8:44 of 2nd period - Pius Suter wins face-off versus Bo Horvat in SAN FRANCISCO SPIDERS zone.
8:57 of 2nd period - Shot by Andrei Svechnikov.
8:57 of 2nd period - Stopped by Jacob Markstrom with a rebound.
9:13 of 2nd period - Shot by Bo Horvat.
9:13 of 2nd period - Shot Misses the Net.
9:15 of 2nd period - Shot by Jared McCann.
9:15 of 2nd period - Shot Misses the Net.
9:21 of 2nd period - Shot by Andrei Svechnikov.
9:21 of 2nd period - Shot Blocked by Jacob Trouba.
9:23 of 2nd period - Shot by Jared McCann.
9:23 of 2nd period - Goal by Jared McCann - ANAHEIM OUTLAWS : 2 - SAN FRANCISCO SPIDERS : 1.
9:24 of 2nd period - Zach Hyman wins face-off versus Adrian Kempe in neutral zone.
9:29 of 2nd period - Shot by Zach Hyman.
9:29 of 2nd period - Stopped by Jacob Markstrom without a rebound.
9:30 of 2nd period - Sebastian Aho wins face-off versus Adrian Kempe in ANAHEIM OUTLAWS zone.
9:45 of 2nd period - Henri Jokiharju is hit by Zach Hyman and loses puck.
10:48 of 2nd period - Shot by Andrei Svechnikov.
10:48 of 2nd period - Shot Blocked by Morgan Rielly.
10:50 of 2nd period - Shot by Darnell Nurse.
10:50 of 2nd period - Stopped by Jacob Markstrom without a rebound.
10:51 of 2nd period - Kirby Dach wins face-off versus Evgeny Kuznetsov in ANAHEIM OUTLAWS zone.
11:54 of 2nd period - Icing by Rasmus Ristolainen.
11:55 of 2nd period - Bo Horvat wins face-off versus Pius Suter in ANAHEIM OUTLAWS zone.
11:56 of 2nd period - Shot by Jared McCann.
11:56 of 2nd period - Stopped by Jacob Markstrom with a rebound.
11:58 of 2nd period - Shot by Darnell Nurse.
11:58 of 2nd period - Stopped by Jacob Markstrom without a rebound.
11:59 of 2nd period - Pius Suter wins face-off versus Bo Horvat in ANAHEIM OUTLAWS zone.
11:59 of 2nd period - Kent Johnson is hit by Andrei Svechnikov and loses puck.
12:23 of 2nd period - Shot by Darnell Nurse.
12:23 of 2nd period - Stopped by Jacob Markstrom without a rebound.
12:24 of 2nd period - Sebastian Aho wins face-off versus Adrian Kempe in ANAHEIM OUTLAWS zone.
12:25 of 2nd period - Shot by Zach Hyman.
12:25 of 2nd period - Stopped by Jacob Markstrom without a rebound.
12:26 of 2nd period - Evgeny Kuznetsov wins face-off versus Sebastian Aho in ANAHEIM OUTLAWS zone.
12:49 of 2nd period - Shot by Zach Hyman.
12:49 of 2nd period - Stopped by Jacob Markstrom with a rebound.
13:41 of 2nd period - Minor Penalty to Carter Verhaeghe for Hooking.
13:42 of 2nd period - Michael Rasmussen wins face-off versus Dakota Joshua in ANAHEIM OUTLAWS zone.
13:57 of 2nd period - Shot by Andrei Svechnikov.
13:57 of 2nd period - Shot Blocked by Noah Hanifin.
13:59 of 2nd period - Shot by Darnell Nurse.
13:59 of 2nd period - Deflect By Jared McCann.
13:59 of 2nd period - Shot Misses the Net.
14:01 of 2nd period - Shot by Darnell Nurse.
14:01 of 2nd period - Stopped by Jacob Markstrom without a rebound.
14:02 of 2nd period - Michael Rasmussen wins face-off versus Bo Horvat in ANAHEIM OUTLAWS zone.
15:01 of 2nd period - Shot by Noah Hanifin.
15:01 of 2nd period - Stopped by Igor Shesterkin without a rebound.
15:02 of 2nd period - Sebastian Aho wins face-off versus Michael Rasmussen in SAN FRANCISCO SPIDERS zone.
15:02 of 2nd period - Sebastian Aho is hit by Pius Suter.
15:05 of 2nd period - Icing by Sean Durzi.
15:06 of 2nd period - Sebastian Aho wins face-off versus Jeff Skinner in SAN FRANCISCO SPIDERS zone.
15:56 of 2nd period - Icing by Ian Mitchell.
15:57 of 2nd period - Evgeny Kuznetsov wins face-off versus Dakota Joshua in ANAHEIM OUTLAWS zone.
16:06 of 2nd period - Shot by Trent Frederic.
16:06 of 2nd period - Shot Misses the Net.
16:20 of 2nd period - Shot by Kevin Fiala.
16:20 of 2nd period - Shot Blocked by Brenden Dillon.
16:28 of 2nd period - Jeff Skinner is hit by Dakota Joshua and loses puck.
16:57 of 2nd period - Zach Hyman is hit by Ian Mitchell and loses puck.
17:14 of 2nd period - Shot by Zach Hyman.
17:14 of 2nd period - Deflect By Viktor Arvidsson.
17:14 of 2nd period - Stopped by Jacob Markstrom without a rebound.
17:15 of 2nd period - Bo Horvat wins face-off versus Adrian Kempe in ANAHEIM OUTLAWS zone.
17:16 of 2nd period - Shot by Andrei Svechnikov.
17:16 of 2nd period - Stopped by Jacob Markstrom without a rebound.
17:17 of 2nd period - Bo Horvat wins face-off versus Adrian Kempe in ANAHEIM OUTLAWS zone.
17:54 of 2nd period - Shot by Adrian Kempe.
17:54 of 2nd period - Shot Blocked by Sean Durzi.
17:56 of 2nd period - Shot by Morgan Rielly.
17:56 of 2nd period - Stopped by Igor Shesterkin without a rebound.
17:57 of 2nd period - Pius Suter wins face-off versus Viktor Arvidsson in SAN FRANCISCO SPIDERS zone.
19:50 of 2nd period - Shot by Adrian Kempe.
19:50 of 2nd period - Deflect By Carter Verhaeghe.
19:50 of 2nd period - Shot Misses the Net.
19:52 of 2nd period - Shot by Michael Bunting.
19:52 of 2nd period - Stopped by Igor Shesterkin without a rebound.
19:53 of 2nd period - Evgeny Kuznetsov wins face-off versus Bo Horvat in SAN FRANCISCO SPIDERS zone.
Goals for this period are 0 for ANAHEIM OUTLAWS vs 1 for SAN FRANCISCO SPIDERS.
Shots for this period are 9 for ANAHEIM OUTLAWS vs 15 for SAN FRANCISCO SPIDERS.

3rd period


0:01 of 3rd period - Adrian Kempe wins face-off versus Bo Horvat in neutral zone.
0:42 of 3rd period - Shot by Bo Horvat.
0:42 of 3rd period - Shot Misses the Net.
0:44 of 3rd period - Shot by Bo Horvat.
0:44 of 3rd period - Shot Misses the Net.
0:58 of 3rd period - Shot by Zach Hyman.
0:58 of 3rd period - Stopped by Jacob Markstrom with a rebound.
1:00 of 3rd period - Shot by Erik Gudbranson.
1:00 of 3rd period - Shot Misses the Net.
1:02 of 3rd period - Shot by Zach Hyman.
1:02 of 3rd period - Shot Misses the Net.
1:29 of 3rd period - Shot by Sebastian Aho.
1:29 of 3rd period - Deflect By Viktor Arvidsson.
1:29 of 3rd period - Stopped by Jacob Markstrom without a rebound.
1:30 of 3rd period - Pius Suter wins face-off versus Kirby Dach in ANAHEIM OUTLAWS zone.
2:22 of 3rd period - Kirby Dach is hit by Kevin Fiala and loses puck.
2:28 of 3rd period - Icing by Eeli Tolvanen.
2:29 of 3rd period - Kirby Dach wins face-off versus Pierre Engvall in SAN FRANCISCO SPIDERS zone.
2:45 of 3rd period - Icing by Darnell Nurse.
2:46 of 3rd period - Bo Horvat wins face-off versus Evgeny Kuznetsov in SAN FRANCISCO SPIDERS zone.
3:29 of 3rd period - Icing by Henri Jokiharju.
3:30 of 3rd period - Sebastian Aho wins face-off versus Evgeny Kuznetsov in ANAHEIM OUTLAWS zone.
3:37 of 3rd period - Shot by Zach Hyman.
3:37 of 3rd period - Shot Misses the Net.
3:43 of 3rd period - Sebastian Aho is hit by Evgeny Kuznetsov.
3:52 of 3rd period - Icing by Erik Gudbranson.
3:53 of 3rd period - Pius Suter wins face-off versus Viktor Arvidsson in SAN FRANCISCO SPIDERS zone.
4:38 of 3rd period - Morgan Rielly is hit by Zach Hyman and loses puck.
5:00 of 3rd period - Shot by Andrei Svechnikov.
5:00 of 3rd period - Shot Blocked by Jacob Trouba.
5:08 of 3rd period - Shot by Jared McCann.
5:08 of 3rd period - Stopped by Jacob Markstrom without a rebound.
5:09 of 3rd period - Kirby Dach wins face-off versus Adrian Kempe in ANAHEIM OUTLAWS zone.
6:07 of 3rd period - Shot by Jeff Skinner.
6:07 of 3rd period - Stopped by Igor Shesterkin without a rebound.
6:08 of 3rd period - Evgeny Kuznetsov wins face-off versus Bo Horvat in SAN FRANCISCO SPIDERS zone.
6:08 of 3rd period - Evgeny Kuznetsov is hit by Brenden Dillon.
6:11 of 3rd period - Kevin Fiala is hit by Brenden Dillon and loses puck.
6:17 of 3rd period - Evgeny Kuznetsov is hit by Brenden Dillon and loses puck.
6:23 of 3rd period - Jeff Skinner is hit by Brenden Dillon and loses puck.
6:31 of 3rd period - Icing by Brenden Dillon.
6:32 of 3rd period - Michael Rasmussen wins face-off versus Bo Horvat in SAN FRANCISCO SPIDERS zone.
7:03 of 3rd period - Shot by Michael Rasmussen.
7:03 of 3rd period - Goal by Michael Rasmussen - ANAHEIM OUTLAWS : 3 - SAN FRANCISCO SPIDERS : 1.
7:04 of 3rd period - Sebastian Aho wins face-off versus Kevin Fiala in neutral zone.
7:18 of 3rd period - Kevin Fiala is hit by Erik Gudbranson and loses puck.
7:25 of 3rd period - Shot by Jeff Skinner.
7:25 of 3rd period - Goal by Jeff Skinner - ANAHEIM OUTLAWS : 4 - SAN FRANCISCO SPIDERS : 1.
7:26 of 3rd period - Adrian Kempe wins face-off versus Dakota Joshua in neutral zone.
7:28 of 3rd period - Michael Bunting is hit by Jacob Middleton and loses puck.
7:31 of 3rd period - Shot by Michael Bunting.
7:31 of 3rd period - Stopped by Igor Shesterkin with a rebound.
7:33 of 3rd period - Shot by Rasmus Ristolainen.
7:33 of 3rd period - Shot Misses the Net.
7:40 of 3rd period - Carter Verhaeghe is hit by Michael Anderson and loses puck.
8:31 of 3rd period - Jeff Skinner is hit by Jacob Middleton and loses puck.
8:42 of 3rd period - Shot by Kevin Fiala.
8:42 of 3rd period - Deflect By Jeff Skinner.
8:42 of 3rd period - Shot Blocked by Michael Anderson.
8:44 of 3rd period - Shot by Morgan Rielly.
8:44 of 3rd period - Stopped by Igor Shesterkin with a rebound.
8:46 of 3rd period - Shot by Kevin Fiala.
8:46 of 3rd period - Shot Blocked by Dakota Joshua.
9:34 of 3rd period - Shot by Darnell Nurse.
9:34 of 3rd period - Shot Misses the Net.
9:44 of 3rd period - Shot by Andrei Svechnikov.
9:44 of 3rd period - Stopped by Jacob Markstrom without a rebound.
9:45 of 3rd period - Sebastian Aho wins face-off versus Carter Verhaeghe in ANAHEIM OUTLAWS zone.
9:45 of 3rd period - Sebastian Aho is hit by Ian Mitchell.
10:00 of 3rd period - Zach Hyman is hit by Rasmus Ristolainen.
10:04 of 3rd period - Shot by Viktor Arvidsson.
10:04 of 3rd period - Stopped by Jacob Markstrom without a rebound.
10:05 of 3rd period - Michael Rasmussen wins face-off versus Kirby Dach in ANAHEIM OUTLAWS zone.
10:14 of 3rd period - Shot by Michael Rasmussen.
10:14 of 3rd period - Deflect By Pierre Engvall.
10:14 of 3rd period - Stopped by Igor Shesterkin without a rebound.
10:15 of 3rd period - Sebastian Aho wins face-off versus Evgeny Kuznetsov in SAN FRANCISCO SPIDERS zone.
10:23 of 3rd period - Kevin Fiala is hit by Brenden Dillon and loses puck.
10:37 of 3rd period - Kevin Fiala is hit by Brenden Dillon and loses puck.
10:42 of 3rd period - Shot by Kevin Fiala.
10:42 of 3rd period - Shot Misses the Net.
10:44 of 3rd period - Shot by Jacob Trouba.
10:44 of 3rd period - Stopped by Igor Shesterkin with a rebound.
10:46 of 3rd period - Shot by Jacob Trouba.
10:46 of 3rd period - Deflect By Kevin Fiala.
10:46 of 3rd period - Shot Misses the Net.
10:48 of 3rd period - Shot by Morgan Rielly.
10:48 of 3rd period - Shot Hit the Post.
11:03 of 3rd period - Icing by Zach Hyman.
11:04 of 3rd period - Sebastian Aho wins face-off versus Adrian Kempe in SAN FRANCISCO SPIDERS zone.
11:28 of 3rd period - Michael Bunting is hit by Brenden Dillon and loses puck.
11:31 of 3rd period - Shot by Michael Bunting.
11:31 of 3rd period - Shot Misses the Net.
11:33 of 3rd period - Shot by Noah Hanifin.
11:33 of 3rd period - Shot Misses the Net.
11:35 of 3rd period - Shot by Noah Hanifin.
11:35 of 3rd period - Shot Blocked by Brenden Dillon.
12:00 of 3rd period - Icing by Erik Gudbranson.
12:01 of 3rd period - Evgeny Kuznetsov wins face-off versus Bo Horvat in SAN FRANCISCO SPIDERS zone.
12:22 of 3rd period - Shot by Bo Horvat.
12:22 of 3rd period - Stopped by Jacob Markstrom without a rebound.
12:23 of 3rd period - Pius Suter wins face-off versus Kirby Dach in ANAHEIM OUTLAWS zone.
12:29 of 3rd period - Off-side.
12:30 of 3rd period - Bo Horvat wins face-off versus Pius Suter in neutral zone.
12:34 of 3rd period - Off-side.
12:35 of 3rd period - Bo Horvat wins face-off versus Pius Suter in neutral zone.
12:35 of 3rd period - Bo Horvat is hit by Kent Johnson.
12:43 of 3rd period - Shot by Jared McCann.
12:43 of 3rd period - Shot Misses the Net.
12:45 of 3rd period - Shot by Erik Gudbranson.
12:45 of 3rd period - Deflect By Bo Horvat.
12:45 of 3rd period - Shot Misses the Net.
12:57 of 3rd period - Shot by Bo Horvat.
12:57 of 3rd period - Shot Misses the Net.
14:39 of 3rd period - Eeli Tolvanen is hit by Noah Hanifin and loses puck.
14:54 of 3rd period - Shot by Kirby Dach.
14:54 of 3rd period - Stopped by Jacob Markstrom without a rebound.
14:55 of 3rd period - Bo Horvat wins face-off versus Adrian Kempe in ANAHEIM OUTLAWS zone.
14:58 of 3rd period - Shot by Bo Horvat.
14:58 of 3rd period - Stopped by Jacob Markstrom without a rebound.
14:59 of 3rd period - Bo Horvat wins face-off versus Adrian Kempe in ANAHEIM OUTLAWS zone.
14:59 of 3rd period - Andrei Svechnikov is hit by Ian Mitchell and loses puck.
15:29 of 3rd period - Off-side.
15:30 of 3rd period - Sebastian Aho wins face-off versus Michael Rasmussen in neutral zone.
15:37 of 3rd period - Shot by Sebastian Aho.
15:37 of 3rd period - Shot Misses the Net.
17:07 of 3rd period - Shot by Adrian Kempe.
17:07 of 3rd period - Stopped by Igor Shesterkin without a rebound.
17:08 of 3rd period - Kirby Dach wins face-off versus Evgeny Kuznetsov in SAN FRANCISCO SPIDERS zone.
17:23 of 3rd period - Shot by Kirby Dach.
17:23 of 3rd period - Stopped by Jacob Markstrom without a rebound.
17:24 of 3rd period - Pius Suter wins face-off versus Sebastian Aho in ANAHEIM OUTLAWS zone.
17:24 of 3rd period - Pius Suter is hit by Brenden Dillon.
17:57 of 3rd period - Off-side.
17:58 of 3rd period - Evgeny Kuznetsov wins face-off versus Bo Horvat in neutral zone.
18:33 of 3rd period - Icing by Erik Gudbranson.
18:34 of 3rd period - Bo Horvat wins face-off versus Adrian Kempe in SAN FRANCISCO SPIDERS zone.
18:34 of 3rd period - Bo Horvat is hit by Carter Verhaeghe.
19:35 of 3rd period - Off-side.
19:36 of 3rd period - Eeli Tolvanen wins face-off versus Evgeny Kuznetsov in neutral zone.
19:38 of 3rd period - Kirby Dach is hit by Jacob Trouba and loses puck.
19:42 of 3rd period - Kirby Dach is hit by Jacob Trouba and loses puck.
Goals for this period are 2 for ANAHEIM OUTLAWS vs 0 for SAN FRANCISCO SPIDERS.
Shots for this period are 8 for ANAHEIM OUTLAWS vs 9 for SAN FRANCISCO SPIDERS.


BRAD
MARCHAND
ANZE
KOPITAR
JAMIE
BENN

EAST COAST

HOCKEY LEAGUE

  • 69.QUE5CHW3
  • 70.CHA3TRV4
  • 71.PITRHI
  • 72.ATLWOR